 Dungeon Crawl Stone Soup version 0.29.1-14-g9c671dbff4 (webtiles) character file.

Game seed: 7222499268959324554

28147 KamiKatze the Thaumaturge (level 13, -6/72 HPs)
             Began as a Deep Elf Conjurer on Feb 19, 2023.
             Was a High Priest of Vehumet.
             Shot with an arrow by Nessos (10 damage)
             ... on level 3 of the Lair of Beasts.
             The game lasted 01:19:34 (15122 turns).

KamiKatze the Thaumaturge (Deep Elf Conjurer)      Turns: 15122, Time: 01:19:35

Health: -6/72      AC:  9    Str:  4    XL:     13   Next: 8%
Magic:  39/42      EV: 14    Int: 29    God:    Vehumet [*****.]
Gold:   1042       SH:  5    Dex: 13    Spells: 23/40 levels left

rFire   . . .      SeeInvis .   a - +6 dagger (holy)
rCold   + . .      Faith    .   F - +0 buckler
rNeg    . . .      Spirit   .   L - +1 robe {Will+}
rPois   .          Reflect  .   B - +2 helmet
rElec   .          Harm     .   (no cloak)
rCorr   .          Rampage  .   g - +1 pair of gloves
Will    ++...                   I - +0 pair of boots
Stlth   ++++......              j - amulet of the acrobat
HPRegen 0.22/turn               l - ring of protection from cold
MPRegen 0.28/turn               e - ring of magical power

@: lethally poisoned (-6 -> -18)
A: no striking features
a: Renounce Religion


You were on level 3 of the Lair of Beasts.
You worshipped Vehumet.
Vehumet was extremely pleased with you.
You visited 3 branches of the dungeon, and saw 15 of its levels.
You also visited: Ossuary, Bailey and Gauntlet.

You collected 1071 gold pieces.
You spent 29 gold pieces at shops.

Inventory:

Hand Weapons
 a - a +6 dagger of holy wrath (weapon)
Missiles
 n - 7 curare-tipped darts
 A - 28 poisoned darts (quivered)
Armour
 g - a +1 pair of gloves (worn)
 r - +0 acid dragon scales
 B - a +2 helmet (worn)
 F - a +0 buckler (worn)
 I - a +0 pair of boots (worn)
 L - a +1 robe of willpower (worn)
Magical Staves
 y - a staff of earth
Jewellery
 e - a ring of magical power (right hand)
 j - an amulet of the acrobat (around neck)
 l - a ring of protection from cold (left hand)
 z - a +4 ring of evasion
 P - a +6 ring of strength
 S - a ring of ice
Wands
 w - a wand of iceblast (17)
 H - a wand of mindburst (19)
 Q - a wand of polymorph (5)
Scrolls
 c - a scroll of summoning
 h - 2 scrolls of enchant armour
 i - 6 scrolls of teleportation
 m - a scroll of poison
 x - a scroll of amnesia
 K - a scroll of blinking
 M - 2 scrolls of enchant weapon
 O - a scroll of magic mapping
 R - a scroll of butterflies
Potions
 d - 4 potions of might
 f - 3 potions of berserk rage
 k - 3 potions of mutation
 o - 6 potions of flight
 p - a potion of magic
 q - 3 potions of invisibility
 s - 8 potions of curing
 t - 3 potions of lignification
 u - 3 potions of resistance
 v - a potion of attraction
 C - a potion of haste
 D - 2 potions of brilliance
 G - 2 potions of heal wounds
 J - a potion of cancellation
 N - 2 potions of ambrosia


   Skills:
 + Level 5.3 Fighting
 - Level 6.0 Dodging
 - Level 9.0 Stealth
 - Level 4.0 Shields
 * Level 14.2 Spellcasting
 + Level 12.4 Conjurations
 - Level 10.0 Hexes
 - Level 10.0 Translocations
 * Level 0.4 Earth Magic
 - Level 2.0 Evocations


You had 23 spell levels left.
You knew the following spells:

 Your Spells              Type           Power      Damage    Failure   Level
a - Magic Dart            Conj           100%       1d8       0%          1
b - Searing Ray           Conj           100%       2d8       1%          2
c - Fulminant Prism       Conj/Hex       36%        3d18      1%          4
d - Iskenderun's Mystic   Conj/Tloc      72%        2d15      1%          4
e - Iron Shot             Conj/Erth      27%        9d6       9%          6

Your spell library contained the following spells:

 Spells                   Type           Power      Damage    Failure   Level
 Slow                     Hex            100%       N/A       1%          1
 Poisonous Vapours        Pois/Air       40%        N/A       1%          2
 Static Discharge         Conj/Air       54%        3-10/arc  1%          2
 Confusing Touch          Hex            68%        N/A       1%          3
 Dazzling Flash           Conj/Hex       100%       N/A       1%          3
 Gell's Gravitas          Tloc           68%        N/A       1%          3
 Teleport Other           Tloc           68%        N/A       1%          3
 Hailstorm                Conj/Ice       54%        3d12      1%          4
 Sticky Flame             Conj/Fire      54%        2d7       1%          4
 Dispersal                Tloc           34%        N/A       8%          6
 Vampiric Draining        Necr           20%        2d7       10%         3
 Summon Forest            Summ/Tloc      24%        N/A       11%         5
 Starburst                Conj/Fire      27%        6d9       11%         6
 Corpse Rot               Necr/Pois/Air  20%        N/A       30%         4
 Dispel Undead            Necr           20%        3d11      30%         4
 Ice Form                 Ice/Tmut       20%        N/A       30%         4
 Eringya's Noxious Bog    Tmut/Pois      10%        N/A       71%         6
 Simulacrum               Ice/Necr       10%        N/A       99%         6
 Summon Hydra             Summ           10%        N/A       100%        7


Dungeon Overview and Level Annotations

Branches:
Dungeon (11/15)            Temple (1/1) D:7            Lair (3/5) D:10
  Snake (0/4) Lair:2          Orc (0/2) D:11        Ossuary (visited)
 Bailey (visited)         Gauntlet (visited)
  Swamp: Lair:2-3    Shoals: Lair:2-3

Altars:
Ashenzari
Cheibriados
Dithmenos
Elyvilon
Fedhas
Gozag
Hepliaklqana
Kikubaaqudgha
Makhleb
Nemelex Xobeh
Okawaru
Qazlal
Ru
Sif Muna
Trog
Uskayaw
Vehumet
Wu Jian
Xom
Yredelemnul
Zin
The Shining One

Shops:
D:6 (*(   D:7 (

Annotations:
D:6 2 transporters, BabyfaceFinlayson's ghost, amateur MfTm
Lair:3 Nessos


Message History

The blast of energy engulfs the black mamba!!!
You kill the black mamba!
Vehumet accepts your kill.
You feel your power returning.
That's the wrong kind of item! (Use * to select it.) Evoke which item? (* to show all) (? for menu, Esc to quit)
Okay, then.
Aiming: Mindburst
Press: ? - help, Shift-Dir - straight line, f - Nessos
Aim: Nessos, wielding a +3 longbow of flaming and wearing a +0 barding (chance to affect: 73%) Nessos struggles to resist.
You feel sick.
Nessos shoots an arrow.
The arrow hits you!!
* * * LOW HITPOINT WARNING * * *
The arrow burns you!
You are more poisoned.
* * * LOW HITPOINT WARNING * * *
Nessos shoots an arrow.
You block the arrow.
Unknown command.
Okay, then.
Aiming: Mindburst
Press: ? - help, Shift-Dir - straight line, f/p - Nessos
Aim: Nessos, wielding a +3 longbow of flaming and wearing a +0 barding (chance to affect: 73%) Nessos's mind is blasted!
* * * LOW HITPOINT WARNING * * *
You feel very sick.
Nessos shoots an arrow.
The arrow barely misses you.
Unknown command.
You feel better.
Nessos says, "Even if you were a mare, I'd kill you!"
Nessos gestures wildly while chanting.
Nessos seems to speed up.
Unknown command.
Aiming: Mindburst
Press: ? - help, Shift-Dir - straight line, f/p - Nessos
Aim: Nessos, wielding a +3 longbow of flaming and wearing a +0 barding (moderately wounded, fast, chance to affect: 73%) Nessos's mind is blasted!
Nessos shoots an arrow.
The arrow hits you!!
* * * LOW HITPOINT WARNING * * *
The arrow burns you!
You are lethally poisoned!
You die...

♣♣♣♣♣.....###.....~~~≈≈
.............##.......~≈≈
.............##..#......~~
....c..........#..[.####..
.....?........(###### #P.
...............# ##.
..............## ##
.............##
......†.[@..##
............P#
#....##..##### .... #..##
## ##.# ###


You could see Nessos (fast).

Vanquished Creatures
  2 hydras
  3 two-headed ogres
  4 death yaks (Lair:2)
  Pikel (D:4)
  2 orc knights
  An oklob plant (D:7)
  2 manticores
  2 black mambas (Lair:3)
  8 cane toads
  5 komodo dragons
  5 trolls
  4 polar bears
  A hornet (D:9)
  3 blink frogs (Lair:2)
  Sigmund (D:4)
  2 shadows
  A vampire (D:9)
  30 yaks
  3 wyverns
  2 basilisks (Lair:3)
  2 steam dragons
  3 vampire mosquitoes (D:10)
  A naga (Lair:2)
  An acid dragon (D:9)
  A warg (D:11)
  10 water moccasins
  5 orc warriors
  2 sky beasts (D:7)
  4 black bears (D:10)
  3 ice beasts
  3 wolves (Lair:2)
  7 centaurs
  3 ogres
  2 phantoms (D:5)
  A lemure (D:4)
  6 kobold brigands
  11 bullfrogs
  2 gnoll sergeants
  5 scorpions
  A necrophage (D:6)
  7 wights
  5 killer bees (D:9)
  4 howler monkeys
  A jelly (D:7)
  5 hounds
  A gnoll bouda (D:8)
  3 orc priests
  2 iguanas
  6 orc wizards
  2 hell rats (Lair:1)
  A centaur simulacrum (D:8)
  13 mummies (Ossuary)
  7 gnolls
  10 adders
  7 river rats (Lair:1)
  A shadow imp (D:5)
  3 white imps (D:8)
  6 ufetubi
  2 worms
  4 dart slugs
  35 orcs
  11 ball pythons
  12 bats
  4 endoplasms
  4 giant cockroaches
  11 goblins
  15 hobgoblins
  4 quokkas
  4 frilled lizards
  2 goblin skeletons (Ossuary)
  26 kobolds
  5 kobold skeletons (Ossuary)
  An orc skeleton (Ossuary)
  10 rats
  11 rat skeletons (Ossuary)
  2 butterflies (Lair:3)
402 creatures vanquished.

Vanquished Creatures (others)
  219 fulminant prisms
  60 fungi
  74 plants
  11 toadstools (D:7)
364 creatures vanquished.

Grand Total: 766 creatures vanquished

Notes
Turn   | Place    | Note
-------+----------+-------------------------------------------
     0 | D:1      | KamiKatze the Deep Elf Conjurer began the quest for the
                  | Orb.
     0 | D:1      | Reached XP level 1. HP: 10/10 MP: 6/6
    94 | D:1      | Reached XP level 2. HP: 14/15 MP: 5/8
    97 | D:1      | Reached skill level 1 in Hexes
   100 | D:1      | Learned a level 2 spell: Searing Ray
   449 | D:1      | Reached skill level 1 in Translocations
   478 | D:1      | Reached XP level 3. HP: 19/19 MP: 1/9
  1511 | D:3      | Reached XP level 4. HP: 24/24 MP: 7/11
  1521 | D:3      | Learned a level 4 spell: Fulminant Prism
  2296 | D:3      | Reached skill level 4 in Spellcasting
  2301 | D:3      | Reached skill level 5 in Conjurations
  2312 | D:3      | Reached XP level 5. HP: 15/28 MP: 1/13
  2610 | D:4      | Noticed a lemure
  2610 | D:4      | Noticed a lemure
  2649 | D:3      | Reached skill level 1 in Evocations
  2733 | D:4      | Found a sand-covered staircase.
  2793 | Ossuary  | Entered an ossuary
  2919 | Ossuary  | Learned a level 4 spell: Iskenderun's Mystic Blast
  3208 | Ossuary  | Reached XP level 6. HP: 32/32 MP: 9/14
  3795 | D:4      | Noticed an ice beast
  3817 | D:3      | Killed an ice beast
  3818 | D:3      | Reached skill level 5 in Spellcasting
  3934 | D:4      | Noticed Pikel
  4226 | D:4      | Killed Pikel
  4227 | D:4      | Reached skill level 6 in Spellcasting
  4227 | D:4      | Reached skill level 5 in Hexes
  4227 | D:4      | Reached XP level 7. HP: 36/36 MP: 2/18
  4373 | D:4      | Noticed Sigmund
  4427 | D:4      | Killed Sigmund
  4428 | D:4      | Reached XP level 8. HP: 33/41 MP: 20/20
  4441 | D:4      | Reached skill level 7 in Spellcasting
  4680 | D:4      | Reached skill level 5 in Translocations
  5202 | D:5      | Entered Level 5 of the Dungeon
  5254 | D:5      | You fall into a shaft and drop 1 floor!
  5261 | D:6      | Found a transporter.
  5266 | D:6      | Noticed a green ugly thing
  5268 | D:6      | Noticed BabyfaceFinlayson's ghost (amateur MfTm)
  5269 | D:6      | Found a transporter.
  5269 | D:6      | Noticed a troll
  5277 | D:6      | Found Roxea's Antique Weapon Boutique.
  5418 | D:6      | Found Qemnixze's Assorted Antiques.
  5426 | D:6      | Bought a red potion for 29 gold pieces
  5445 | D:5      | Reached skill level 1 in Fighting
  5445 | D:5      | Reached skill level 8 in Spellcasting
  5445 | D:5      | Reached XP level 9. HP: 47/47 MP: 13/23
  6273 | D:6      | Found Qeteska's Antique Weapon Emporium.
  6493 | D:6      | Found Rosemop's General Store.
  6713 | D:7      | Found a staircase to the Ecumenical Temple.
  6719 | Temple   | Entered the Ecumenical Temple
  6804 | Temple   | Became a worshipper of Vehumet
  7030 | D:7      | Reached skill level 9 in Spellcasting
  7213 | D:7      | Found an iron altar of Okawaru.
  7213 | D:7      | Found a shimmering blue altar of Sif Muna.
  7216 | D:7      | Found a bloodstained altar of Trog.
  7218 | D:7      | Found a basalt altar of Yredelemnul.
  7220 | D:7      | Found a broken altar of Ashenzari.
  7220 | D:7      | Found a glowing silver altar of Zin.
  7221 | D:7      | Found an opulent altar of Gozag.
  7223 | D:7      | Found an ornate altar of the Wu Jian Council.
  7227 | D:7      | Found a glowing golden altar of the Shining One.
  7441 | D:7      | Found a blossoming altar of Fedhas.
  7456 | D:7      | Noticed an oklob plant
  7478 | D:7      | Killed an oklob plant
  7479 | D:7      | Reached XP level 10. HP: 53/53 MP: 13/25
  7744 | D:7      | Found Cikh's Antique Weapon Shop.
  7975 | D:8      | Reached skill level 5 in Stealth
  8100 | D:8      | Reached skill level 1 in Shields
  8108 | D:8      | Found a flagged portal.
  8193 | Bailey   | Entered a bailey
  8204 | Bailey   | Reached * piety under Vehumet
  8204 | Bailey   | Offered knowledge of Freeze by Vehumet.
  8222 | Bailey   | Noticed an orc knight
  8228 | Bailey   | Noticed an orc knight
  8235 | Bailey   | Killed an orc knight
  8236 | Bailey   | Reached skill level 5 in Dodging
  8283 | D:8      | Killed an orc knight
  8284 | D:8      | Reached skill level 10 in Spellcasting
  8573 | D:8      | Found a hide-covered altar of Uskayaw.
  8590 | D:8      | Noticed a +0 hand axe
  8590 | D:8      | Noticed a +0 dagger
  9517 | D:9      | Offered knowledge of Shock by Vehumet.
  9528 | D:9      | Reached XP level 11. HP: 59/59 MP: 18/27
  9622 | D:9      | Reached ** piety under Vehumet
 10271 | D:9      | Reached skill level 10 in Hexes
 10290 | D:9      | Noticed an eight-headed hydra
 10366 | D:9      | Killed an eight-headed hydra
 10484 | D:9      | Noticed a two-headed ogre
 10489 | D:9      | Killed a two-headed ogre
 10490 | D:9      | Reached skill level 11 in Spellcasting
 11078 | D:10     | Entered Level 10 of the Dungeon
 11316 | D:10     | Offered knowledge of Inner Flame by Vehumet.
 11317 | D:10     | Reached skill level 10 in Conjurations
 11591 | D:10     | Reached *** piety under Vehumet
 11692 | D:10     | Found a staircase to the Lair.
 11784 | D:10     | Noticed a two-headed ogre
 11790 | D:10     | Killed a two-headed ogre
 11956 | D:10     | Found a shadowy altar of Dithmenos.
 11956 | D:10     | Found a sacrificial altar of Ru.
 12069 | D:11     | Noticed a two-headed ogre
 12074 | D:11     | Killed a two-headed ogre
 12083 | D:11     | Reached XP level 12. HP: 44/66 MP: 5/29
 12084 | D:11     | Reached skill level 12 in Spellcasting
 12324 | D:11     | Found a staircase to the Orcish Mines.
 12365 | D:11     | Offered knowledge of Frozen Ramparts by Vehumet.
 12479 | Lair:1   | Entered Level 1 of the Lair of Beasts
 12864 | Lair:1   | Reached **** piety under Vehumet
 12868 | Lair:1   | Reached skill level 10 in Translocations
 12884 | Lair:1   | Offered knowledge of Flame Wave by Vehumet.
 13512 | Lair:2   | Found a gate leading to a gauntlet.
 13524 | Gauntlet | Entered a Gauntlet
 13524 | Gauntlet | Found a transporter.
 13528 | Gauntlet | Found a transporter.
 13528 | Gauntlet | Noticed a catoblepas
 13529 | Gauntlet | Noticed a death scarab
 13531 | Gauntlet | Noticed a death scarab
 13542 | Gauntlet | Found a transporter.
 13545 | Gauntlet | Found a transporter.
 13559 | Gauntlet | Found a transporter.
 13584 | Gauntlet | Found a transporter.
 13588 | Gauntlet | Found a transporter.
 13605 | Gauntlet | Found a transporter.
 13611 | Gauntlet | Noticed a catoblepas
 13615 | Gauntlet | Found a transporter.
 13632 | Gauntlet | Found a transporter.
 13636 | Gauntlet | Found a transporter.
 13652 | Gauntlet | Found a transporter.
 13721 | Lair:2   | Reached skill level 13 in Spellcasting
 13862 | Lair:2   | Found a staircase to the Snake Pit.
 13939 | Lair:2   | Noticed a death yak
 13943 | Lair:2   | Noticed a death yak
 13945 | Lair:2   | Noticed a death yak
 13952 | Lair:2   | Noticed a death yak
 13955 | Lair:2   | Killed a death yak
 13973 | Lair:2   | Killed a death yak
 13973 | Lair:2   | Killed a death yak
 13974 | Lair:2   | Reached skill level 5 in Fighting
 13979 | Lair:2   | Killed a death yak
 13980 | Lair:2   | Noticed a seven-headed hydra
 14096 | Lair:2   | Killed a seven-headed hydra
 14610 | Lair:3   | Reached skill level 14 in Spellcasting
 14738 | Lair:3   | Reached XP level 13. HP: 72/72 MP: 29/33
 14749 | Lair:3   | Reached ***** piety under Vehumet
 14964 | Lair:3   | Offered knowledge of Iron Shot by Vehumet.
 14996 | Lair:3   | Learned a level 6 spell: Iron Shot
 15117 | Lair:3   | Noticed Nessos
 15122 | Lair:3   | Shot with an arrow by Nessos

Illustrated notes

Levels and vault maps discovered:
D:1:      spicycebolla_arrival_transporter_tutorial, layout_loops_ring,
          minmay_pentomino_x4
D:2:      layout_rooms
D:3:      minmay_bubble_buster, layout_basic
D:4:      layout_layer_cave, nicolae_ossuary_entry_ruins, uniq_sigmund,
          uniq_pikel
D:5:      layout_rooms, hangedman_abyss_or_decor_passed
D:6:      layout_cave_pools, gammafunk_ghost_arena, serial_shops,
          shop_fountains, kennysheep_mini_moat, nicolae_shop_trees, shop_statue,
          nrook_campfire
D:7:      layout_loops_cross, tgw_fedhas, nicolae_overflow_hallway_of_the_gods,
          minmay_temple_entry_arrows, serial_shops, nicolae_shop_behind_doors
D:8:      layout_basic, dancing_weapons_uskayaw, serial_ice, serial_ice_k,
          serial_ice_a, serial_ice_b, serial_ice_h, enter_bailey_3
D:9:      layout_basic, nzn_random_ring
D:10:     layout_basic, gammafunk_temple_overflow_wave,
          due_lair_maze_entry_diamond
D:11:     nzn_winding_woodlands_large [nzn_winding_woodlands_5x5_perimeter,
          nzn_winding_woodlands_5x15_jagged,
          nzn_winding_woodlands_5x5_open_star,
          nzn_winding_woodlands_center_diamonds,
          nzn_winding_woodlands_15x15_boxy_spiral,
          nzn_winding_woodlands_center_lodge, nzn_winding_woodlands_5x5_default,
          nzn_winding_woodlands_5x15_pool, nzn_winding_woodlands_5x5_three],
          layout_rooms, david_orc_3
Temple:   dpeg_three_leaves_temple
Lair:1:   layout_chaotic_city, kennysheep_rathole
Lair:2:   layout_gridlike, guppyfry_snake_entry_island, gauntlet_entry_generic,
          beast_lair_carwin_6
Lair:3:   layout_cave_pods, minmay_swamp_entry_worms, st_stairs_10,
          infiniplex_staircase_pool, lemuel_fruit_fields, lemuel_fruit_fields,
          uniq_nessos

Skill      XL: |  1  2  3  4  5  6  7  8  9 10 11 12 13 |
---------------+----------------------------------------+-----
Hexes          | 1 2 3 5 6 8 9 10 | 10.0
Translocations | 1 2 4 5 7 8 9 10 | 10.0
Stealth        | 3 4 5 7 8 9 |  9.0
Dodging        | 3 4 5 6 |  6.0
Spellcasting   | 4 6 8 9 10 11 14 | 14.2
Conjurations   | 5 6 7 8 9 10 12 | 12.4
Evocations     | 1 2 |  2.0
Fighting       | 1 2 3 5 |  5.3
Shields        | 2 4 |  4.0
Earth Magic    | |  0.4

Action                   |  1- 3 |  4- 6 |  7- 9 | 10-12 | 13-15 || total
-------------------------+-------+-------+-------+-------+-------++-------
Melee: Dagger            |    21 |     6 |     6 |    18 |     2 ||    53
 Cast: Magic Dart        |    78 |    66 |    56 |    44 |       ||   244
       Searing Ray       |     2 |    37 |    22 |    19 |       ||    80
       Fulminant Prism   |       |     4 |    43 |   161 |    11 ||   219
       Iskenderun's Myst |       |       |     3 |    56 |       ||    59
Evoke: Wand              |       |       |     2 |       |     3 ||     5
  Use: Scroll            |       |    18 |    11 |     6 |       ||    35
       Potion            |       |       |       |     1 |     1 ||     2
 Stab: Sleeping          |     1 |     1 |     2 |       |       ||     4
Armor: Robe              |     4 |     7 |    10 |    28 |       ||    49
Dodge: Dodged            |    19 |    47 |    28 |    75 |     1 ||   170
Block: Buckler           |       |       |       |    20 |     1 ||    21
